Map: Lerilak Crest

Players

CptRedBeard

  • Race: Zerg Zerg
  • League: Bronze

unknownkai

  • Race: Zerg Zerg
  • League: Grandmaster

Retosi - Winner!

  • Race: Terran Terran
  • League: Silver

Erijel - Winner!

  • Race: Terran Terran
  • League: Grandmaster

VOD

Have the link to the VOD?

Description

Time

  • Played on: Sept. 23, 2015, 2:44 p.m.
  • Length: 9:36
Show
View Real Time Build Order
Export as new Build Order

CptRedBeard Zerg 

Build Orders: Hatch First 

Get SALT Encoding   

  12  0:02  Drone  
  13  0:13  Drone  
  14  0:18  Overlord  
  14  0:28  Extractor  
  14  0:29  Drone, Extractor  
  14  0:30  Drone  
  16  0:38  Drone  
  17  0:58  Hatchery  
  17  1:02  Drone  
  17  1:05  Drone  
  17  1:09  Extractor  
  17  1:14  Drone  
  18  1:23  Spawning Pool  
  17  1:28  Drone  
  18  1:35  Evolution Chamber  
  18  1:37  Drone  
  18  1:44  Drone  
  19  1:59  Drone  
  20  2:07  Drone  
  21  2:11  Queen x2  
  24  2:18  Zerg Melee Weapons Level 1  
  24  2:40  Drone x2  
  26  2:53  Zergling x4  
  26  3:03  Overlord  
  25  3:17  Drone  
  26  3:25  Metabolic Boost, Drone x2  
  28  3:31  Drone x2  
  28  3:32  Zergling x2  
  28  3:33  Zergling x2  
  32  3:44  Hatchery  
  32  3:45  Drone x2  
  32  3:57  Drone x2  
  32  3:58  Drone x2  
  32  4:01  Overlord  
  36  4:06  Overlord  
  36  4:10  Lair  
  35  4:28  Spine Crawler  
  34  4:35  Spine Crawler  
  33  4:40  Drone x2  
  33  4:41  Drone x5  
  40  4:56  Roach Warren  
  38  5:08  Extractor  
  38  5:09  Drone x3  
  38  5:12  Drone  
  38  5:22  Zergling x14  
  38  5:23  Zergling x6  
  48  5:34  Queen  
  48  5:51  Roach x5  
  55  6:19  Drone x2  
  55  6:21  Overlord  
  55  6:23  Overlord  
  55  6:24  Overlord  
  57  6:25  Overlord  
  57  6:39  Queen  
  59  6:46  Drone x3  
  62  6:49  Extractor x2  
  62  6:50  Drone  
  62  6:51  Drone  
  62  6:52  Drone x2  
  62  6:53  Drone x3  
  67  6:58  Overseer  
  67  7:02  Hatchery  
  66  7:10  Queen  
  66  7:14  Glial Reconstitution  
  68  7:18  Queen  
  68  7:20  Roach  
  68  7:21  Roach x5  
  82  7:24  Hatchery  
  80  7:42  Drone x5  
  80  7:43  Roach  
  89  7:44  Roach  
  89  7:48  Hatchery  
  83  8:10  Drone  
  83  8:11  Drone x3  
  83  8:12  Overlord  
  86  8:14  Overlord  
  86  8:15  Overlord  
  86  8:23  Spine Crawler  
  86  8:24  Spine Crawler x2  
  83  8:37  Queen  
  85  8:48  Spine Crawler  
  85  8:50  Drone x3, Spine Crawler  
  85  8:55  Spine Crawler  
  83  8:56  Roach  
  83  8:57  Evolution Chamber, Roach x10  
  83  8:59  Zergling x8  
  91  9:13  Zergling x14  
Show
View Real Time Build Order
Export as new Build Order

unknownkai Zerg 

Build Orders:  

Get SALT Encoding   

  12  0:01  SCV  
  13  0:15  SCV  
  13  0:18  Supply Depot  
  14  0:27  SCV  
  15  0:40  SCV  
  15  0:41  Barracks  
  16  0:46  Refinery  
  16  0:52  SCV  
  18  1:11  SCV  
  18  1:30  Orbital Command  
  18  1:32  Reaper  
  19  1:46  Command Center  
  19  1:56  SCV  
  20  2:08  SCV  
  21  2:13  Supply Depot  
  21  2:16  Barracks Reactor  
  21  2:20  SCV  
  22  2:29  Factory  
  21  2:32  SCV  
  22  2:44  SCV  
  23  2:53  Refinery  
  23  2:55  Bunker  
  23  2:56  SCV  
  23  2:58  Orbital Command  
  24  3:03  Marine x2  
  26  3:08  SCV  
  27  3:13  Starport  
  27  3:20  SCV  
  28  3:29  SCV  
  28  3:32  SCV, Marine  
  31  3:41  SCV, Hellion x2  
  36  3:45  SCV  
  37  3:50  Medivac, Marine  
  37  3:53  SCV  
  37  3:55  Supply Depot  
  40  4:01  Barracks  
  40  4:03  SCV  
  40  4:05  SCV, Hellion x2  
  46  4:13  Armory  
  46  4:16  Marine  
  47  4:19  Supply Depot  
  47  4:21  SCV x2  
  49  4:29  Hellion x2  
  53  4:33  SCV  
  54  4:41  SCV, Supply Depot  
  54  4:43  Supply Depot, Marine  
  54  4:45  SCV  
  57  4:53  SCV  
  58  5:02  SCV, Marine  
  58  5:05  SCV, Hellion x2  
  58  5:06  Starport Reactor  
  65  5:07  Barracks Tech Lab  
  65  5:09  Hellion x3  
  65  5:13  Barracks  
  65  5:15  Barracks  
  65  5:17  SCV x2  
  65  5:29  Command Center, SCV x2  
  65  5:33  Barracks Reactor  
  67  5:49  SCV x2  
  67  6:00  Marauder  
  67  6:01  SCV, Widow Mine x2  
  67  6:03  Medivac x2  
  78  6:06  SCV  
  78  6:09  Supply Depot  
  77  6:13  SCV  
  78  6:19  Engineering Bay  
  78  6:20  Engineering Bay  
  78  6:26  Refinery  
  78  6:28  Refinery  
  78  6:30  Marine x2  
  78  6:31  Marauder  
  78  6:32  Barracks Tech Lab  
  82  6:33  Barracks Reactor  
  82  6:37  Barracks  
  82  6:45  SCV x2  
  82  6:47  Orbital Command  
  84  6:52  Marauder  
  84  6:53  Terran Infantry Weapons Level 1  
  84  6:54  Terran Infantry Armor Level 1  
  86  6:56  Supply Depot  
  86  7:00  Marine  
  86  7:01  Marauder, Marine  
  90  7:05  SCV  
  90  7:06  SCV  
  92  7:10  Widow Mine  
  92  7:13  Marauder  
  96  7:18  SCV, Marine x3  
  96  7:20  Marine  
  96  7:22  Marauder  
  103  7:31  SCV x3  
  103  7:34  Barracks Tech Lab  
  103  7:35  Combat Shields, Stimpack, Marauder  
  108  7:37  Marine  
  108  7:38  Marine  
  108  7:43  Marauder  
  103  7:56  Marauder  
  103  7:58  SCV x3  
  108  7:59  Marauder, Marine x4  
  108  8:00  Starport  
  108  8:05  Marauder  
  116  8:10  SCV x3  
  119  8:16  Marine  
  119  8:17  Marine x3  
  119  8:18  Marauder  
  125  8:29  Supply Depot x3  
  125  8:39  SCV, Starport Tech Lab, Marauder x3  
  132  8:41  Supply Depot  
  132  8:42  Marine x3  
  132  8:45  Command Center  
  132  8:46  SCV x2  
  135  8:52  Supply Depot x3  
  135  9:00  Marauder x3  
  141  9:15  Starport  
Show
View Real Time Build Order
Export as new Build Order

Retosi Terran - Winner!

Build Orders:  

Get SALT Encoding   

Show
View Real Time Build Order
Export as new Build Order

Erijel Terran - Winner!

Build Orders:  

Get SALT Encoding   

Tags
 
Add a new tag
Caveats
  • Supply blocks, unpowered buildings, or Contaminate may cause inaccurate times.
  • Supply counts are checked every 10 seconds.